Map: Newkirk Precinct TE (Void)

Players

PiG

  • Race: Terran Terran
  • League: Grandmaster
  • Spawn Location: 7:00

A.I. 1 (Very Easy) - Winner!

  • Race: Protoss Protoss
  • Spawn Location: 5:00

VOD

https://www.youtube.com/watch?v=M1QnDKucj3I

Description

Beginner Terran Opening great for all 3 matchups

Time

  • Played on: April 10, 2017, 4:40 a.m.
  • Length: 11:05
Show
View Real Time Build Order
Export as new Build Order

PiG Terran 

Build Orders: MMM Bio 

Get SALT Encoding   

  12  0:01  SCV  
  13  0:13  SCV  
  14  0:18  Supply Depot  
  14  0:25  SCV  
  15  0:40  SCV, Barracks  
  16  0:44  Refinery  
  16  0:52  SCV  
  17  1:04  SCV  
  18  1:16  SCV  
  19  1:28  Orbital Command  
  19  1:30  Barracks Reactor  
  19  1:43  Command Center  
  19  1:55  SCV  
  20  2:01  Barracks  
  20  2:06  Marine  
  20  2:07  SCV  
  22  2:14  Marine  
  22  2:15  Supply Depot  
  23  2:28  Barracks  
  23  2:36  SCV, Marine x2  
  26  2:48  SCV  
  26  2:50  Barracks Tech Lab  
  27  2:56  Orbital Command  
  27  3:00  SCV, Marine x2  
  30  3:09  Stimpack, Marine  
  31  3:14  SCV  
  31  3:16  Barracks Reactor  
  31  3:18  Marine x2  
  34  3:24  Factory  
  34  3:26  SCV  
  35  3:27  SCV  
  36  3:34  Refinery  
  36  3:37  Marine x2  
  36  3:38  SCV, Marine  
  36  3:39  SCV  
  41  3:46  Supply Depot  
  41  3:50  SCV, Supply Depot  
  41  3:51  SCV  
  41  3:54  Marine x2  
  45  4:02  SCV  
  46  4:08  SCV  
  47  4:10  Supply Depot, Starport  
  47  4:11  Factory Reactor  
  47  4:12  Marine x2  
  50  4:17  SCV  
  50  4:20  SCV  
  51  4:29  SCV  
  51  4:30  Marine x4  
  56  4:32  SCV  
  56  4:37  Supply Depot  
  56  4:38  Marine  
  58  4:41  SCV  
  59  4:48  Marine x4  
  63  4:54  Medivac  
  63  4:55  Medivac  
  63  4:59  Engineering Bay  
  67  5:03  SCV  
  67  5:04  SCV  
  69  5:10  Supply Depot  
  69  5:11  Marine x2  
  69  5:12  Combat Shields, Marine  
  69  5:14  Marine x2  
  73  5:15  SCV  
  73  5:18  SCV  
  74  7:03  Marine  
  74  7:04  Marine x3  
  74  7:05  Bunker  
  78  7:08  Bunker  
  78  7:24  Marauder, Marine x4  
  78  7:25  Medivac  
  85  7:40  Medivac  
  86  8:04  Concussive Shells  
  86  8:19  Marine  
  86  8:43  Missile Turret  
  86  8:44  Missile Turret  
Show
View Real Time Build Order
Export as new Build Order

A.I. 1 (Very Easy) Protoss - Winner!

Build Orders:  

Get SALT Encoding   

  12  0:01  Probe (Chrono Boost)  
  13  0:11  Probe (Chrono Boost)  
  14  0:21  Pylon  
  14  0:36  Assimilator  
  14  0:43  Gateway  
  14  0:45  Pylon  
  14  1:13  Assimilator  
  14  1:27  Probe (Chrono Boost)  
  14  1:31  Zealot  
  15  1:33  Cybernetics Core  
  15  1:38  Probe (Chrono Boost)  
  18  1:50  Probe (Chrono Boost)  
  19  1:58  Warp Gate  
  19  2:00  Probe (Chrono Boost)  
  20  2:12  Probe (Chrono Boost)  
  22  2:23  Probe (Chrono Boost)  
  22  2:38  Stalker  
  24  7:02  Probe (Chrono Boost)  
  24  7:03  Adept  
  24  7:04  Pylon  
  24  7:08  Robotics Facility  
  27  7:12  Nexus  
  27  7:13  Probe (Chrono Boost)  
  28  7:23  Probe (Chrono Boost)  
  29  7:34  Probe (Chrono Boost)  
  26  7:55  Observer  
  27  8:02  Zealot  
  29  8:17  Observer  
  30  8:26  Probe (Chrono Boost)  
  31  8:32  Probe (Chrono Boost), Assimilator  
  32  8:36  Assimilator  
  32  8:39  Probe (Chrono Boost)  
  33  8:46  Probe (Chrono Boost)  
  34  8:53  Probe (Chrono Boost)  
  35  9:00  Stalker, Probe (Chrono Boost)  
  38  9:08  Probe (Chrono Boost)  
  39  9:14  Probe (Chrono Boost)  
  40  9:22  Probe (Chrono Boost)  
  41  9:29  Probe (Chrono Boost)  
  42  9:36  Probe (Chrono Boost)  
  43  9:43  Probe (Chrono Boost)  
  44  9:50  Probe (Chrono Boost)  
  45  9:58  Probe (Chrono Boost)  
  46  10:05  Probe (Chrono Boost)  
  47  10:10  Pylon  
  47  10:12  Probe (Chrono Boost)  
Tags
 
Composition
MMM Bio
Matchup
PvT
Player
PiG
Spawn Locations
Close Positions
Add a new tag
Caveats
  • Supply blocks, unpowered buildings, or Contaminate may cause inaccurate times.
  • Supply counts are checked every 10 seconds.